Map: Odyssey LE

Players

A.I. 1 (Elite)

  • Race: Terran Terran
  • Spawn Location: 5:00

A.I. 2 (Elite) - Winner!

  • Race: Terran Terran
  • Spawn Location: 11:00

VOD

Have the link to the VOD?

Description

Time

  • Played on: Aug. 23, 2017, 7:07 p.m.
  • Length: 17:40
Show
View Real Time Build Order
Export as new Build Order

A.I. 1 (Elite) Terran 

Build Orders: MMM Bio 

Get SALT Encoding   

  12  0:01  SCV  
  13  0:13  SCV  
  14  0:19  Supply Depot  
  14  0:25  SCV  
  15  0:40  SCV  
  16  0:44  Barracks  
  16  0:53  SCV  
  17  1:05  SCV  
  18  1:17  Supply Depot, SCV  
  19  1:22  Refinery  
  19  1:29  SCV  
  19  1:30  Marine  
  21  1:41  SCV  
  22  1:48  Marine  
  22  1:51  Barracks  
  22  1:53  SCV, Refinery  
  24  2:00  Supply Depot  
  24  2:05  SCV  
  24  2:06  Marine  
  26  2:17  SCV  
  27  2:24  Marine  
  27  2:25  Factory  
  27  2:29  SCV  
  29  2:37  Marine  
  29  2:41  Marine, SCV  
  32  2:53  SCV  
  32  2:55  Marine  
  34  2:59  Marine  
  35  3:06  SCV  
  36  3:13  Marine  
  36  3:17  Marine  
  36  3:18  SCV  
  39  3:20  Supply Depot  
  39  3:24  Factory Tech Lab  
  39  3:35  Starport  
  39  3:41  Marine  
  39  3:42  Marine, SCV  
  42  3:54  SCV  
  43  3:59  Marine  
  44  4:05  Barracks  
  44  4:06  SCV  
  45  4:18  SCV  
  45  4:19  Supply Depot  
  46  4:25  Starport Tech Lab  
  46  4:30  SCV  
  47  4:40  Marine x2, Siege Tank  
  47  4:42  SCV, Supply Depot  
  53  4:54  SCV  
  54  5:04  Barracks Tech Lab  
  54  5:06  SCV  
  55  5:07  Supply Depot  
  55  5:11  Engineering Bay  
  55  5:14  Command Center  
  55  5:19  SCV  
  56  5:22  Stimpack, Marauder  
  58  5:33  Barracks Tech Lab, Engineering Bay  
  58  5:35  Barracks Reactor  
  58  5:37  Terran Infantry Weapons Level 1  
  58  5:40  Medivac  
  60  5:43  Marauder  
  62  5:51  Combat Shields  
  62  5:52  Marauder  
  62  5:53  Supply Depot  
  64  5:58  Terran Infantry Armor Level 1  
  64  6:05  Marauder  
  64  6:10  Medivac  
  68  6:13  Marine  
  68  6:17  Supply Depot  
  69  6:26  Marauder  
  69  6:27  SCV, Barracks  
  69  6:30  SCV  
  73  6:39  SCV  
  76  6:40  Marauder  
  76  6:42  SCV  
  77  6:48  Marauder  
  77  6:52  SCV  
  80  6:54  SCV  
  83  7:01  Marauder  
  83  7:07  Orbital Command  
  83  7:10  Missile Turret, Concussive Shells, Marauder  
  83  7:12  Missile Turret  
  87  7:23  Marauder  
  87  7:26  Command Center  
  87  7:32  Marauder  
  89  7:39  Medivac  
  93  7:44  Supply Depot, Marauder  
  93  7:48  Marine  
  93  7:49  Marine  
  94  7:51  Marine  
  95  8:03  Armory  
  95  8:05  Marine  
  95  8:09  Medivac  
  95  8:12  Supply Depot  
  98  8:20  Refinery  
  98  8:24  Refinery  
  98  8:26  Marauder  
  100  8:31  Marauder  
  102  8:35  Missile Turret  
  102  8:39  Viking, SCV  
  102  8:40  SCV  
  106  8:41  SCV  
  106  8:47  Marauder  
  107  8:51  SCV  
  107  8:52  Terran Infantry Weapons Level 2, SCV, Marauder  
  86  8:56  SCV  
  86  9:01  Marine  
  70  9:05  Marine  
  70  9:08  Marine  
  63  9:11  Marine  
  63  9:15  Marine  
  63  9:20  Marine  
  64  9:24  Marine  
  59  9:53  Marine  
  59  9:57  Command Center  
  59  9:58  Marauder  
  62  10:00  Marine  
  62  10:01  Marine  
  64  10:08  SCV  
  64  10:10  SCV  
  64  10:12  Marauder  
  68  10:17  Marine  
  68  10:18  Marine  
  68  10:19  Marauder  
  68  10:20  SCV  
  73  10:22  SCV  
  73  10:27  Marine  
  75  10:32  SCV  
  75  10:33  Marauder  
  75  10:34  SCV  
  75  10:35  Marine  
  80  10:41  Marauder  
  82  10:43  Missile Turret  
  82  10:44  Marine, SCV  
  82  10:46  Marine  
  82  10:47  SCV  
  86  10:54  Marauder  
  86  10:55  Missile Turret  
  86  10:56  SCV  
  89  10:59  SCV  
  89  11:02  Marauder  
  92  11:06  Medivac  
  92  11:07  Marine  
  92  11:08  SCV  
  92  11:09  Marine  
  97  11:11  SCV  
  97  11:13  SCV  
  97  11:16  Marauder  
  101  11:20  SCV  
  101  11:23  SCV, Marauder  
  105  11:26  SCV  
  105  11:28  Siege Tank  
  105  11:32  SCV  
  109  11:35  SCV  
  109  11:38  SCV  
  110  11:48  Marauder  
  110  11:49  Supply Depot  
  110  11:51  Marauder  
  114  12:00  Orbital Command, Siege Tank  
  117  12:09  Marine x2, Viking  
  117  12:10  Marine  
  117  12:14  Supply Depot  
  122  12:18  Command Center  
  122  12:31  Infernal Pre-Igniter  
  122  12:32  Siege Tank  
  122  12:34  Factory  
  125  12:40  Supply Depot  
  125  12:45  Marauder  
  125  12:47  Marauder  
  125  12:49  Marine  
  125  12:50  Marine  
  84  12:52  Marine  
  75  13:04  Siege Tank  
  77  13:06  Marine  
  77  13:10  Command Center  
  65  13:17  Cyclone  
  25  13:50  Factory Tech Lab  
  10  14:05  SCV  
  12  14:17  SCV  
  12  14:22  SCV  
  12  14:25  Barracks  
  12  14:29  SCV  
  13  14:34  SCV  
  14  14:41  SCV  
  14  14:43  Command Center  
  13  15:13  Marine  
  4  15:49  Barracks  
Show
View Real Time Build Order
Export as new Build Order

A.I. 2 (Elite) Terran - Winner!

Build Orders: MMM Bio 

Get SALT Encoding   

  12  0:00  SCV  
  13  0:13  SCV  
  14  0:18  Supply Depot  
  14  0:25  SCV  
  15  0:30  Refinery  
  15  0:39  SCV  
  16  0:47  Barracks  
  16  0:51  SCV  
  17  1:03  SCV  
  18  1:15  SCV  
  19  1:34  Orbital Command, Marine  
  19  1:37  Supply Depot  
  19  1:39  Factory  
  20  1:51  Barracks  
  20  1:52  Marine  
  21  1:59  SCV  
  22  2:11  Barracks Tech Lab  
  22  2:13  SCV  
  23  2:21  Supply Depot  
  23  2:24  Hellion  
  25  2:33  Concussive Shells, Marauder  
  27  2:38  Barracks Tech Lab  
  27  2:45  Hellion  
  27  2:47  SCV  
  30  2:54  Marauder  
  30  2:56  Marauder  
  34  3:01  Supply Depot  
  34  3:06  Hellion  
  36  3:16  Marauder  
  38  3:23  Marauder  
  40  3:28  Hellion  
  40  3:29  Supply Depot  
  42  3:37  Marauder, Refinery  
  42  3:38  SCV  
  45  3:44  Marine  
  46  3:51  Starport  
  46  3:52  SCV  
  47  3:58  Marine  
  47  4:01  Marine  
  49  4:07  SCV  
  50  4:16  Marine  
  51  4:19  Marine, SCV  
  53  4:29  Medivac  
  53  4:30  Stimpack  
  53  4:31  Supply Depot  
  55  4:52  Marine  
  58  4:53  Marauder  
  58  4:54  Engineering Bay  
  58  4:56  Supply Depot  
  58  5:10  Marine  
  61  5:14  Marauder  
  61  5:19  Command Center  
  61  5:21  Terran Infantry Weapons Level 1  
  61  5:28  Marine  
  62  5:35  Marine  
  63  5:43  Supply Depot  
  63  5:45  Marine  
  63  5:46  Combat Shields  
  64  5:55  Engineering Bay  
  64  6:00  Barracks  
  64  6:05  Marine  
  64  6:08  Marine  
  66  6:20  Terran Infantry Armor Level 1  
  66  6:23  Factory Tech Lab, Marauder  
  68  6:31  SCV x2  
  70  6:41  Siege Tank  
  70  6:43  SCV  
  70  6:44  Marauder  
  70  6:46  SCV  
  77  6:47  Barracks Reactor  
  77  6:55  SCV  
  77  6:58  SCV  
  78  7:07  SCV  
  79  7:10  SCV  
  79  7:14  Siege Tank  
  83  7:16  Armory  
  83  7:19  SCV  
  84  7:23  Orbital Command  
  84  7:33  Command Center  
  85  7:44  Supply Depot, SCV  
  85  7:49  SCV  
  85  7:56  SCV  
  86  8:01  SCV  
  86  8:04  Terran Vehicle And Ship Armor Level 1  
  87  8:07  Armory  
  87  8:08  SCV  
  88  8:13  SCV  
  89  8:20  SCV  
  89  8:22  Siege Tank  
  89  8:24  Supply Depot  
  93  8:30  Refinery  
  93  8:36  Refinery  
  93  8:45  Missile Turret, SCV  
  93  8:46  SCV x2  
  96  8:50  Marine  
  96  8:51  Marine  
  96  8:54  Marine, Siege Tank, Terran Vehicle Weapons Level 1  
  80  8:58  Marine, SCV  
  80  8:59  Refinery  
  68  9:03  SCV  
  68  9:08  Marine  
  68  9:10  Marauder  
  68  9:11  Marine  
  68  9:16  Marine, SCV  
  71  9:20  SCV  
  71  9:21  SCV  
  73  9:27  Marauder  
  73  9:28  Missile Turret, SCV  
  73  9:29  Marine  
  73  9:31  Marine  
  74  9:32  SCV  
  74  9:33  Marine  
  74  9:37  SCV  
  74  9:40  SCV  
  74  9:44  SCV  
  76  9:47  Marine  
  76  9:48  Marine  
  76  9:49  SCV, Marauder  
  76  9:51  Marine  
  83  9:52  SCV  
  83  9:56  SCV  
  83  9:59  Siege Tank  
  87  10:01  SCV  
  87  10:04  SCV  
  87  10:06  Marine, Terran Infantry Weapons Level 2, Marauder  
  92  10:08  SCV  
  92  10:10  Marauder  
  92  10:14  SCV  
  96  10:17  SCV  
  96  10:20  SCV  
  98  10:23  Missile Turret  
  98  10:26  SCV  
  98  10:27  Missile Turret, Marauder  
  101  10:29  SCV  
  101  10:32  SCV, Marauder  
  105  10:38  SCV  
  105  10:40  Medivac  
  105  10:41  Barracks  
  108  10:44  Marine  
  108  10:47  Marine  
  108  10:49  Marauder  
  112  10:50  Orbital Command, Supply Depot  
  112  10:53  Siege Tank, Marauder  
  117  11:07  Missile Turret  
  117  11:10  Marauder  
  119  11:12  Medivac  
  119  11:13  Factory, Command Center  
  119  11:14  Marauder  
  119  11:15  Supply Depot  
  123  11:25  Siege Tank  
  126  11:28  Terran Vehicle Weapons Level 2  
  126  11:31  Marauder  
  128  11:32  Missile Turret  
  128  11:41  Starport  
  128  11:42  Medivac, Hi-Sec Auto Tracking  
  128  11:44  Supply Depot  
  130  11:56  Hellion  
  130  11:57  Widow Mine  
  134  12:07  Factory  
  134  12:08  Refinery  
  134  12:10  Supply Depot  
  134  12:12  Missile Turret, Starport Reactor  
  134  12:18  Hellion  
  134  12:19  Starport Tech Lab  
  136  12:22  Infernal Pre-Igniter  
  136  12:26  Siege Tank, SCV x2  
  136  12:27  SCV  
  136  12:28  SCV  
  136  12:29  Refinery  
  143  12:36  Refinery  
  143  12:37  Supply Depot  
  143  12:38  Widow Mine  
  143  12:40  Raven  
  143  12:41  Planetary Fortress  
  143  12:44  Missile Turret, Terran Infantry Weapons Level 3  
  147  12:47  Missile Turret  
  147  12:49  Viking  
  147  12:51  Hellion  
  144  12:58  Thor  
  150  13:08  Command Center  
  150  13:11  Supply Depot  
  150  13:12  Hellion  
  152  13:13  Factory Tech Lab  
  151  13:22  Marine, Raven  
  151  13:23  Marine  
  151  13:27  Marine  
  151  13:28  Marine  
  151  13:29  Marine, Factory  
  151  13:31  Siege Tank  
  151  13:33  Hellion  
  159  13:36  Supply Depot  
  159  13:37  Viking  
  159  13:40  Marine, Viking  
  159  13:41  Cyclone  
  167  13:50  Terran Vehicle Weapons Level 3  
  167  13:51  Marine  
  167  13:52  Marine  
  167  13:53  Marine  
  167  13:54  Marine  
  171  13:56  Factory Tech Lab  
  171  14:01  Supply Depot  
  171  14:03  Cyclone  
  171  14:05  Viking  
  176  14:10  Ghost Academy  
  176  14:12  Thor, Widow Mine  
  176  14:14  Hellion  
  186  14:23  Planetary Fortress  
  186  14:24  Refinery  
  186  14:33  Missile Turret  
  186  14:35  Thor  
  186  14:36  Hellion  
  186  14:37  Missile Turret  
  194  14:39  Ghost  
  194  14:40  Medivac x2, Refinery  
  194  14:41  High Capacity Fuel Tanks  
  200  14:57  Command Center  
  200  15:12  Missile Turret  
  200  15:14  Missile Turret  
  200  15:17  Missile Turret  
  200  15:20  Missile Turret  
  200  15:44  Missile Turret  
  200  16:16  Planetary Fortress, Refinery  
  200  16:21  Missile Turret  
  200  16:27  Missile Turret  
  200  16:31  Missile Turret  
  200  16:35  Command Center, Refinery  
  200  16:38  Refinery  
Tags
 
Composition
MMM BioMMM Bio
Matchup
TvT
Race
Terran
Spawn Locations
Cross Positions
Add a new tag
Caveats
  • Supply blocks, unpowered buildings, or Contaminate may cause inaccurate times.
  • Supply counts are checked every 10 seconds.